 Dungeon Crawl Stone Soup version 0.19.3 (webtiles) character file.

8874 Gargoyl the Spear-Bearer (level 11, -1/94 HPs)
             Began as a Ghoul Abyssal Knight on Jan 23, 2017.
             Was a High Priest of Lugonu.
             Slain by an iguana (9 damage)
             ... on level 1 of the Lair of Beasts.
             The game lasted 00:18:47 (7441 turns).

Gargoyl the Spear-Bearer (Ghoul Abyssal Knight)     Turns: 7441, Time: 00:18:48

Health: -1/94      AC: 19    Str: 18    XL:     11   Next: 37%
Magic:  21/25      EV:  7    Int:  7    God:    Lugonu [*****.]
Gold:   11         SH:  4    Dex: 10    Spells: 0 memorised, 10 levels left

rFire  . . .     SeeInvis +     d - +10 trident of Severance {freeze, +Fly SInv}
rCold  . . .     Gourm    .     O - +5 chain mail of the Seven Places {rElec rC- rN+ Regen+}
rNeg   + + +     Faith    .     r - +0 buckler
rPois  ∞         Spirit   .     (no helmet)
rElec  +         Reflect  .     (no cloak)
rCorr  .         Harm     .     e - +2 pair of gloves
MR     .....                    (no boots)
Stlth  ..........               (no amulet)
                                (no ring)
                                E - ring of magical power

@: rotting, slowed, very slow
A: rotting body, claws 1, carnivore 3, cold resistance 1, negative energy
resistance 3, slow regeneration 1, torment resistance, unbreathing
a: Depart the Abyss, Bend Space, Banish, Corrupt, Enter the Abyss, Renounce
Religion, Evoke Flight


You were on level 1 of the Lair of Beasts.
You worshipped Lugonu.
Lugonu was extremely pleased with you.
You were not hungry.

You visited 2 branches of the dungeon, and saw 10 of its levels.
You visited the Abyss 1 time.
You also visited: Ossuary.

You collected 540 gold pieces.
You spent 529 gold pieces at shops.

Inventory:

Hand Weapons
 a - a +1 hand axe
 d - the +10 trident of Severance (weapon) {freeze, +Fly SInv}
   (You found it on level 2 of the Abyss)

   It has been specially enchanted to freeze those struck by it, causing extra
   injury to most foes and up to half again as much damage against particularly
   susceptible opponents.
   It can also slow down cold-blooded creatures.
   It lets you see invisible.
   It lets you fly.
 B - a +1 war axe
Missiles
 t - 9 tomahawks (quivered)
Armour
 b - a +0 plate armour
 e - a +2 pair of gloves (worn)
 r - a +0 buckler (worn)
 O - the +5 chain mail of the Seven Places (worn) {rElec rC- rN+ Regen+}
   (You bought it in a shop on level 6 of the Dungeon)

   It makes you vulnerable to cold.
   It insulates you from electricity.
   It protects you from negative energy.
   It increases your rate of regeneration.
Jewellery
 E - a ring of magical power (left hand)
Wands
 i - a wand of digging (7/24)
 w - a wand of random effects (26/48)
 x - a wand of flame (30/48)
 y - a wand of paralysis (14/24)
 J - a wand of iceblast (5/15)
Scrolls
 f - 2 scrolls of remove curse
 l - a scroll of fear
 m - 2 scrolls of recharging
 o - 2 scrolls of amnesia
 p - 2 scrolls of blinking
 s - a scroll of enchant armour
 G - 2 scrolls of magic mapping
 I - a scroll of identify
 K - a scroll of teleportation
Potions
 g - 2 potions of cure mutation {unknown}
 h - 6 potions of might {unknown}
 j - 2 potions of cancellation {unknown}
 k - 8 potions of curing
 q - 3 potions of invisibility {unknown}
 u - 5 potions of heal wounds {unknown}
 z - a potion of haste {unknown}
 C - a potion of agility {unknown}
 D - 3 potions of brilliance
 F - a potion of berserk rage {unknown}
 M - a potion of magic {unknown}
 N - a potion of flight {unknown}
Books
 H - Vehumet's Volume of Confrontation
   (You found it on level 7 of the Dungeon)

   Spells                             Type                      Level
   a - Magic Dart                     Conjuration                  1
Comestibles
 c - 2 meat rations
 n - a slice of pizza
 v - 2 beef jerkies
 L - 9 royal jellies


   Skills:
 + Level 7.8 Fighting
 + Level 1.9(6.6) Axes
 + Level 10.0(10.1) Polearms
 + Level 0.3 Throwing
 * Level 8.4 Armour
 + Level 1.5 Dodging
 + Level 2.4 Shields
 * Level 8.0 Invocations


You had 10 spell levels left.
You didn't know any spells.

Dungeon Overview and Level Annotations

Branches:
Dungeon (9/15)             Temple (0/1) D:6            Lair (1/6) D:8
    Orc: D:9-12

Altars:
Ashenzari
Cheibriados
Fedhas
Kikubaaqudgha
Qazlal
Ru
Sif Muna
Vehumet
Yredelemnul

Shops:
D:6 [

Annotations:
Abyss:1 Gastronok


Innate Abilities, Weirdness & Mutations

Your body is rotting away.
You thrive on raw meat.
You are immune to poison.
You have sharp fingernails.
You are carnivorous and can eat meat at any time.
Your flesh is cold resistant. (rC+)
You are immune to negative energy. (rN+++)
You regenerate slowly when monsters are visible.
You are immune to unholy pain and torment.
You can survive without breathing.


Message History

Okay, then.
You feel better.
The bullfrog hits you but does no damage. x2
The porcupine bites you!
* * * LOW HITPOINT WARNING * * *
The bullfrog hits you but does no damage.
The bullfrog swells and bulges.
The bullfrog barely misses you. The porcupine barely misses you.
You block the bullfrog's attack.
The bullfrog hits you but does no damage.
Space bends around you!
You blink.
* * * LOW HITPOINT WARNING * * *
Your shield and chain mail of the Seven Places prevent you from hitting the bullfrog.
You block the bullfrog's attack.
The bullfrog hits you but does no damage.
The iguana bites you.
* * * LOW HITPOINT WARNING * * *
You feel better. The bullfrog barely misses you.
The porcupine barely misses you. The iguana bites you!
You die...

#..#+#........###.####..
##....#.##......#.##....
#...##..................
####..######.###....⌠.....
#.###..#####+####.......##
#.÷.÷.........# #.⌠...⌠.#
#..###..!.....##........#
####....l.....##....⌠....#
#..§§#FF@....#...........
..........r..........#.###..
...###........#.... # ..
##.........⌠.# # #.......#..
# #.##+#.##.#.# ## ### ##.#
#


You could see 2 bullfrogs, an iguana and a porcupine.

Vanquished Creatures
  A hydra (Lair:1)
  Erica (D:8)
  Joseph (D:7)
  A hornet (D:8)
  Prince Ribbit (D:7)
  The ghost of fatfloppyjuicyveiny the Poker, an amateur OpBe of Trog (D:4)
  2 hippogriffs
  Sigmund (D:2)
  A wyvern (D:6)
  Menkaure (D:4)
  A soldier ant (D:8)
  Duvessa (D:7)
  A water moccasin (D:6)
  3 orc warriors
  2 porcupines (Lair:1)
  3 ice beasts
  A sky beast (D:7)
  A phantom (D:8)
  A necrophage (D:4)
  2 black bears
  An ogre (D:5)
  2 centaurs
  2 bullfrogs (Lair:1)
  Dowan (D:7)
  5 water moccasin zombies (Ossuary)
  A wyvern skeleton (D:8)
  6 killer bees
  2 howler monkeys (D:7)
  7 crimson imps
  2 bullfrog zombies
  2 quasits
  A centaur zombie (D:5)
  2 hounds
  2 jellies
  9 orc wizards
  A bullfrog skeleton (D:6)
  A centaur skeleton (D:7)
  4 orc priests
  9 iguanas
  8 worker ants
  5 big kobold zombies (Ossuary)
  3 mummies
  A worker ant zombie (D:9)
  9 gnolls
  13 adders
  A shadow imp (D:5)
  2 oozes
  5 adder zombies
  An adder skeleton (D:8)
  9 worms
  A dart slug (D:1)
  6 leopard geckos
  21 orcs
  5 giant cockroaches
  7 goblins
  12 hobgoblins
  12 jackals
  8 quokkas
  4 bats
  7 frilled lizards
  A gnoll zombie (Ossuary)
  2 hobgoblin zombies (D:4)
  7 kobolds
  5 kobold zombies (Ossuary)
  4 orc zombies (Ossuary)
  5 rats
  A bush (D:5)
  A fungus (D:8)
253 creatures vanquished.

Notes
Turn   | Place    | Note
-------+----------+-------------------------------------------
     0 | Abyss:1  | Gargoyl the Ghoul Abyssal Knight began the quest for the Orb.
     0 | Abyss:1  | Reached XP level 1. HP: 19/19 MP: 1/1
    16 | Abyss:2  | Got a scorched trident
    26 | Abyss:2  | Identified the +10 trident of Severance {freeze, +Fly SInv} (You found it on level 2 of the Abyss)
    36 | Abyss:2  | Noticed a raiju
    36 | D:1      | Escaped the Abyss
   308 | D:1      | Reached XP level 2. HP: 26/26 MP: 2/2
   352 | D:1      | Reached * piety under Lugonu
   708 | D:1      | Reached skill level 1 in Dodging
   708 | D:1      | Reached XP level 3. HP: 33/33 MP: 3/3
  1038 | D:2      | Reached skill level 1 in Polearms
  1047 | D:2      | Found a snail-covered altar of Cheibriados.
  1390 | D:2      | Reached XP level 4. HP: 40/40 MP: 4/4
  1542 | D:2      | Noticed Sigmund
  1547 | D:2      | Killed Sigmund
  1547 | D:2      | Reached skill level 2 in Polearms
  1547 | D:2      | Reached XP level 5. HP: 21/46 MP: 4/6
  1547 | D:2      | Reached XP level 6. HP: 24/52 MP: 4/7
  1583 | D:2      | Found a blossoming altar of Fedhas.
  1835 | D:3      | Reached ** piety under Lugonu
  1885 | D:3      | Reached skill level 3 in Polearms
  2619 | D:4      | Noticed Menkaure
  2628 | D:4      | Killed Menkaure
  2628 | D:4      | Reached XP level 7. HP: 51/60 MP: 8/8
  2655 | D:4      | Noticed fatfloppyjuicyveiny's ghost (amateur OpBe)
  2670 | D:4      | Killed fatfloppyjuicyveiny's ghost
  2670 | D:4      | Reached skill level 5 in Fighting
  2670 | D:4      | Reached skill level 4 in Polearms
  2919 | D:4      | Found a shattered altar of Ashenzari.
  2949 | D:4      | Reached *** piety under Lugonu
  2971 | D:4      | Reached XP level 8. HP: 62/68 MP: 10/10
  2984 | D:4      | Found a sand-covered staircase.
  2996 | Ossuary  | Entered an ossuary
  3040 | Ossuary  | Reached skill level 5 in Polearms
  3359 | D:4      | Reached **** piety under Lugonu
  3814 | D:5      | Entered Level 5 of the Dungeon
  3850 | D:5      | Reached skill level 6 in Polearms
  3851 | D:5      | Found a blossoming altar of Fedhas.
  3949 | D:5      | Reached skill level 5 in Armour
  4004 | D:5      | Reached skill level 5 in Invocations
  4515 | D:6      | Reached XP level 9. HP: 73/75 MP: 11/11
  4815 | D:6      | Reached skill level 7 in Polearms
  4836 | D:6      | Found a staircase to the Ecumenical Temple.
  4862 | D:6      | Found a stormy altar of Qazlal.
  5385 | D:6      | Found Utoyf's Armour Shop.
  5488 | D:7      | Reached ***** piety under Lugonu
  5519 | D:7      | Found an ancient bone altar of Kikubaaqudgha.
  5582 | D:7      | Noticed Dowan
  5584 | D:7      | Noticed Duvessa
  5598 | D:7      | Killed Duvessa
  5600 | D:7      | Killed Dowan
  5619 | D:7      | Reached skill level 1 in Shields
  5660 | D:7      | Reached XP level 10. HP: 63/84 MP: 13/13
  5666 | D:7      | Found a radiant altar of Vehumet.
  5667 | D:7      | Found a deep blue altar of Sif Muna.
  5672 | D:7      | Identified Vehumet's Volume of Confrontation
  5770 | D:7      | Noticed Joseph
  5770 | D:7      | Noticed Prince Ribbit
  5772 | D:7      | Killed Prince Ribbit
  5772 | D:7      | Reached skill level 8 in Polearms
  5784 | D:7      | Killed Joseph
  5857 | D:7      | Found a sacrificial altar of Ru.
  6405 | D:8      | Found a staircase to the Lair.
  6464 | D:8      | Found a basalt altar of Yredelemnul.
  6576 | D:8      | Noticed Erica
  6582 | D:8      | Killed Erica
  6582 | D:8      | Reached skill level 9 in Polearms
  6939 | D:9      | Found a stormy altar of Qazlal.
  7064 | D:6      | Bought the +5 chain mail of the Seven Places {rElec rC- rN+ Regen+} for 529 gold pieces
  7281 | Lair:1   | Entered Level 1 of the Lair of Beasts
  7281 | Lair:1   | Noticed an eight-headed hydra
  7287 | Lair:1   | Killed an eight-headed hydra
  7287 | Lair:1   | Reached XP level 11. HP: 91/91 MP: 15/15
  7409 | Lair:1   | Noticed Gastronok
  7435 | Lair:1   | Banished Gastronok
  7435 | Lair:1   | Reached skill level 10 in Polearms
  7436 | Lair:1   | HP: 2/94 [porcupine (11)]
  7441 | Lair:1   | Slain by an iguana

Skill      XL: |  1  2  3  4  5  6  7  8  9 10 11 |
---------------+----------------------------------+-----
Armour         | 2 3 4 5 6 7 8 |  8.4
Fighting       | 4 5 6 7 |  7.8
Dodging        | 1 |  1.5
Polearms       | 1 2 3 4 6 7 9 10 | 10.0
Invocations    | 3 4 5 6 7 8 |  8.0
Shields        | 1 2 |  2.4
Axes           | |  1.9
Throwing       | |  0.3

Action                   |  1- 3 |  4- 6 |  7- 9 | 10-12 || total
-------------------------+-------+-------+-------+-------++-------
Melee: Trident           |    63 |    76 |   395 |   190 ||   724
Throw: Tomahawk          |       |       |     2 |       ||     2
Invok: Depart the Abyss  |     1 |       |       |       ||     1
       Bend Space        |       |       |       |     1 ||     1
       Banish            |       |       |       |     1 ||     1
Evoke: Wand              |       |       |     1 |       ||     1
  Use: Scroll            |       |     6 |    16 |     1 ||    23
       Potion            |       |       |       |     4 ||     4
  Eat: Chunk             |     6 |    16 |    25 |    42 ||    89
       Meat ration       |       |       |       |     1 ||     1
Armor: Leather armour    |    15 |     6 |       |       ||    21
       Plate armour      |       |     6 |   252 |    61 ||   319
       Chain mail        |       |       |       |    77 ||    77
Dodge: Dodged            |    33 |    20 |    88 |    53 ||   194
Block: Buckler           |       |       |    21 |    41 ||    62
